 Dungeon Crawl Stone Soup version 0.26-a0-597-gb535b0901c (webtiles) character file.

Game seed: 364711016327375144

212 Descartes the Magician (level 5, -1/41 HPs)
             Began as a Draconian Hedge Wizard on Aug 26, 2020.
             Slain by an orc
             ... wielding a +0 dagger
              (5 damage)
             ... on level 2 of the Dungeon.
             The game lasted 00:05:11 (4779 turns).

Descartes the Magician (Draconian Hedge Wizard)     Turns: 4779, Time: 00:05:12

Health: -1/41      AC:  5    Str: 13    XL:     5   Next: 58%
Magic:  10/10      EV: 12    Int: 15    God:
Gold:   130        SH:  0    Dex: 10    Spells: 10/11 levels left

rFire    . . .     SeeInvis .   x - +1 short sword (speed)
rCold    . . .     Faith    .   (no shield)
rNeg     . . .     Spirit   .   (armour unavailable)
rPois    +         Reflect  .   b - +0 hat
rElec    .         Harm     .   (no cloak)
rCorr    .                      (no gloves)
MR       .....                  (no boots)
Stlth    ++........             (no amulet)
HPRegen  0.13/turn              n - ring of poison resistance
MPRegen  0.12/turn              (no ring)

@: no status effects
A: unfitting armour, cold-blooded, AC +5
a: no special abilities


You were on level 2 of the Dungeon.
You visited 1 branch of the dungeon, and saw 4 of its levels.

You collected 130 gold pieces.

Inventory:

Hand Weapons
 a - a +0 dagger
 x - a +1 short sword of speed (weapon)
Missiles
 c - 94 stones (quivered)
 s - 11 sling bullets
 u - 24 poisoned darts
 w - 6 boomerangs
Armour
 b - a +0 hat (worn)
 d - a +0 kite shield
Jewellery
 n - a ring of poison resistance (left hand)
 o - an uncursed amulet of guardian spirit {unknown}
 p - an uncursed amulet of the acrobat {unknown}
Scrolls
 e - a scroll of enchant weapon {unknown}
 h - 2 scrolls of amnesia {unknown}
 l - a scroll of teleportation {unknown}
 m - 3 scrolls of remove curse {unknown}
 q - a scroll of fog {unknown}
 r - a scroll of magic mapping {unknown}
 y - a scroll of identify {unknown}
Potions
 f - a potion of heal wounds {unknown}
 g - a potion of brilliance {unknown}
 i - a potion of curing {unknown}
 j - a potion of haste {unknown}
 k - a potion of degeneration {unknown}
 t - 2 potions of cancellation {unknown}
 v - a potion of magic {unknown}


   Skills:
 + Level 2.2 Fighting
 + Level 2.6 Dodging
 + Level 2.8 Stealth
 + Level 1.9 Shields
 + Level 3.6 Spellcasting
 + Level 2.2 Conjurations
   Level 1.0 Summonings
   Level 1.0 Translocations


You had 10 spell levels left.
You knew the following spells:

 Your Spells              Type           Power        Failure   Level
a - Magic Dart            Conj           #...         8%          1

Your spell library contained the following spells:

 Spells                   Type           Power        Failure   Level
 Blink                    Tloc           N/A          19%         2
 Call Imp                 Summ           #.......     19%         2
 Slow                     Hex            #.......     28%         2
 Conjure Flame            Conj/Fire      #.......     34%         3
 Mephitic Cloud           Conj/Pois/Air  #.......     38%         3


Dungeon Overview and Level Annotations

Branches:
Dungeon (4/15)
 Temple: D:4-7

Altars:
Okawaru
Xom

Annotations:
D:4 Robin


Innate Abilities, Weirdness & Mutations

Your plain brown scales are hard. (AC +5)
You cannot fit into any form of body armour.
You are cold-blooded and may be slowed by cold attacks.


Message History

The orc barely misses you. The orc misses you.
You hit the orc.
You tail-slap the orc, but do no damage.
The orc is almost dead.
The orc hits you but does no damage.
You closely miss the orc.
The orc is almost dead.
The orc hits you with a +0 dagger.
* * * LOW HITPOINT WARNING * * *
You hit the orc.
You kill the orc!
The orc completely misses you.
Things that are here:
a +0 club; a +0 leather armour
There is a stone staircase leading up here.
The orc closely misses you.
You climb upwards.
There is a stone staircase leading down here.
You barely miss the orc. The orc hits you with a +0 dagger.
You die...

#.##.# #.#.##.... #.##.#
#.#.###### #.##.# #.#.######
############.##.######.#.......
#...†...##.....................
#.#####.##......######......###
#.# #.##...........#.####.# #.#
#.##.....##....#.# #.###
#.#####.##....@o.......####.#..
###.....#.###..#.##.........#...†
.....##.#.#....#.##.###..##.#.#..
.###.#......#..#.##.#....##.#.#..
.# #.#..#......[.......#.##.#....
.# #.#..#.#.#..#.##.#....##.#....
.# #.#....#....#.##.#..#.##.#..##
.# #.##...###.##.##.#..#..#.#..#
.###.#......#.##.#........#.#..#


You could see an orc.

Vanquished Creatures
  2 howler monkeys (D:3)
  A hound (D:3)
  2 adders (D:2)
  2 worms
  A leopard gecko (D:3)
  6 orcs (D:3)
  9 bats
  6 giant cockroaches
  12 goblins
  8 hobgoblins
  A quokka (D:2)
  A ball python (D:2)
  9 frilled lizards
  6 kobolds
  11 rats
77 creatures vanquished.

Notes
Turn   | Place    | Note
-------+----------+-------------------------------------------
     0 | D:1      | Descartes the Draconian Hedge Wizard began the quest for
                  | the Orb.
     0 | D:1      | Reached XP level 1. HP: 14/14 MP: 4/4
   195 | D:1      | Reached XP level 2. HP: 22/22 MP: 6/6
  1167 | D:2      | Reached skill level 1 in Fighting
  1171 | D:2      | Reached XP level 3. HP: 4/28 MP: 7/7
  1466 | D:2      | Reached skill level 1 in Shields
  2957 | D:3      | Reached XP level 4. HP: 35/35 MP: 9/9
  2975 | D:3      | Found a white marble altar of Elyvilon.
  2977 | D:3      | Found an iron altar of Okawaru.
  2977 | D:3      | Found a hide-covered altar of Uskayaw.
  2979 | D:3      | Found a shadowy altar of Dithmenos.
  2979 | D:3      | Found a sparkling altar of Nemelex Xobeh.
  2979 | D:3      | Found a shimmering altar of Xom.
  3840 | D:4      | Noticed Robin
  4193 | D:3      | Reached XP level 5. HP: 27/41 MP: 10/10
  4766 | D:3      | HP: 2/41 [orc/+0 dagger (1)]
  4779 | D:2      | Slain by an orc

Illustrated notes

Levels and vault maps discovered:
D:1:      heliophobic_arrival_battle_scene, layout_basic
D:2:      layout_basic, minmay_crystal_water
D:3:      minmay_chambers_of_twos, layout_basic, doesnt_xom_only_xom
D:4:      layout_cave_pools, serial_shops, shop_statue, shop,
          nicolae_shop_stone, shop, kennysheep_little_box,
          minmay_quadrilaterals, uniq_pikel, uniq_robin

Skill      XL: |  1  2  3  4  5 |
---------------+----------------+-----
Stealth        | 2 |  2.8
Dodging        | 2 |  2.6
Fighting       | 1 2 |  2.2
Shields        | 1 |  1.9
Conjurations   | 2 |  2.2
Spellcasting   | |  3.6
Summonings     | |  1.0
Translocations | |  1.0

Action                   |  1- 3 |  4- 6 || total
-------------------------+-------+-------++-------
Melee: Dagger            |   213 |    64 ||   277
       Tailslap          |    19 |    18 ||    37
       Short sword       |       |    96 ||    96
 Stab: Sleeping          |     7 |     3 ||    10
Armor: Skin              |    80 |    36 ||   116
Dodge: Dodged            |   148 |   100 ||   248

Table legend: (Time is in decaauts)
 A = Elapsed time spent in this place.
 B = Non-inter-level travel time spent in this place.
 C = Inter-level travel time spent in this place.
 D = Time resting spent in this place.
 E = Time spent auto-exploring this place.
 F = Levels seen in this place.
 G = Mean time per level.
                   A        B        C        D        E       F      G
               +--------+--------+--------+--------+--------+-----+--------+
         Total |   4760 |   4635 |    125 |      0 |   3931 |   4 | 1190.0 |
       Dungeon |   4760 |   4635 |    125 |      0 |   3931 |   4 | 1190.0 |
               +--------+--------+--------+--------+--------+-----+--------+

Top non-repeatable levels by time:
     D:3: 2065 daAuts
     D:2: 1826 daAuts
     D:1: 842 daAuts
     D:4: 26 daAuts
